 Dungeon Crawl Stone Soup version 0.27.1-2-g3b301248ec (webtiles) character file.

Game seed: 7542570415622461823

2091 worthlessgem the Magician (level 9, -3/59 HPs)
             Began as a Djinni Hedge Wizard on Sept 27, 2021.
             Was an Initiate of Gozag.
             Shot with an arrow by a centaur (12 damage)
             ... on level 6 of the Dungeon.
             The game lasted 00:41:17 (9883 turns).

worthlessgem the Magician (Djinni Hedge Wizard)     Turns: 9883, Time: 00:41:17

Health: -3/59      AC:  3    Str:  9    XL:     9   Next: 52%
Gold:   462        EV: 12    Int: 18    God:    Gozag SH:  0 Dex: 14

rFire    + + .     SeeInvis .   a - +2 short sword (venom)
rCold    x . .     Faith    .   (no shield)
rNeg     . . .     Spirit   .   v - +0 robe
rPois    ∞         Reflect  .   c - +0 hat
rElec    .         Harm     .   q - +0 cloak
rCorr    .         Rampage  .   (no gloves)
Will     .....                  (boots unavailable)
Stlth    +++.......             (no amulet)
HPRegen  0.19/turn              (no ring)
MPRegen  0.00/turn              (no ring)

@: flying
A: sickness immunity, fire resistance 2, cold vulnerability 1, float, innate
caster, hp casting, extra vitality 1
a: Renounce Religion, Potion Petition, Call Merchant, Bribe Branch


You were on level 6 of the Dungeon.
You worshipped Gozag.
Gozag was aware of your devotion.
You visited 2 branches of the dungeon, and saw 7 of its levels.

You collected 536 gold pieces.
You paid 74 gold pieces to Gozag.

Inventory:

Hand Weapons
 a - a +2 short sword of venom (weapon)
 b - a +3 vorpal dagger
 e - a +0 great sword
 i - a +2 dagger of draining
 w - a +0 hand crossbow
Missiles
 l - 4 boomerangs
 p - 18 bolts
 B - 35 poisoned darts (quivered)
Armour
 c - a +0 hat (worn)
 h - a +0 leather armour
 q - a +0 cloak (worn)
 v - a +0 robe (worn)
Wands
 C - a wand of mindburst (7)
Scrolls
 f - a scroll of teleportation
 g - a scroll of blinking
 k - a scroll of magic mapping
 m - a scroll of brand weapon
 n - a scroll of noise {unknown}
 o - a scroll of fear {unknown}
 r - 4 scrolls of identify
 x - 2 scrolls of fog {unknown}
 y - a scroll of enchant weapon {unknown}
 z - a scroll of summoning {unknown}
 A - a scroll of holy word {unknown}
 E - a scroll of vulnerability {unknown}
Potions
 j - 2 potions of lignification
 s - a potion of curing
 u - a potion of mutation
 D - 2 potions of resistance
 F - a potion of haste


   Skills:
 * Level 2.6 Fighting
 + Level 5.5 Short Blades
 * Level 3.2 Throwing
 - Level 2.1 Dodging
 - Level 5.5 Stealth
 - Level 5.5 Spellcasting


You couldn't memorise any spells.
You knew the following spells:

 Your Spells              Type           Power      Damage    Failure   Level
a - Magic Dart            Conj           96%        1d7       1%          1
b - Blink                 Tloc           N/A        N/A       1%          2
c - Call Imp              Summ           24%        N/A       1%          2
d - Slow                  Hex            24%        N/A       1%          2
e - Conjure Flame         Conj/Fire      24%        6-21      3%          3
f - Mephitic Cloud        Conj/Pois/Air  24%        N/A       3%          3
g - Summon Small Mammal   Summ           96%        N/A       1%          1
h - Passwall              Tmut/Erth      20%        N/A       1%          2
i - Ignite Poison         Fire/Tmut/Pois 24%        N/A       3%          3
j - Petrify               Tmut/Erth      24%        N/A       13%         4
Your spell library was empty.

Dungeon Overview and Level Annotations

Branches:
Dungeon (6/15)             Temple (1/1) D:5

Altars:
Ashenzari
Cheibriados
Dithmenos
Fedhas
Gozag
Hepliaklqana
Makhleb
Okawaru
Qazlal
Ru
Trog
Uskayaw
Vehumet
Yredelemnul

Shops:
D:2 [


Innate Abilities, Weirdness & Mutations

You are immune to sickness and miasma.
You are immune to poison.
Your flesh is very heat resistant. (rF++)
You are vulnerable to cold. (rC-)
You float through the air rather than walking.
You learn spells naturally, not from books.
Your magical power is your life essence.
You have superior vitality. (+4 HP)


Message History

Unknown command.
Aiming: Mindburst
Press: ? - help, Shift-Dir - straight line, f - killer bee zombie, p - centaur
Aim: a killer bee zombie (not susceptible)
The killer bee zombie is unaffected.
The centaur is engulfed in noxious fumes.
The centaur barely misses your crimson imp.
The centaur completely misses your crimson imp.
Your crimson imp hits the centaur.
Okay, then.
Blink to where?
Press: ? - help, Dir - move target, p - killer bee zombie
As you read the scroll labelled FOTTIKL ITUI, it crumbles to dust.
It was a scroll of blinking.
Casting: Blink (safe; 1% risk of failure)
Confirm with . or Enter, or press ? or * to list all spells.
Aiming: Passwall (safe; 1% risk of failure)
Press: ? - help, Dir - move target A rock wall.
You begin to meditate on the wall.
You continue meditating on the rock. x2
Your magical contamination has completely faded away.
You finish merging with the rock.
Casting: Passwall (safe; 1% risk of failure)
Confirm with . or Enter, or press ? or * to list all spells.
Okay, then.
You start resting.
A centaur is nearby!
As you read the scroll labelled VAEKAE UCZU, it crumbles to dust.
It is a scroll of brand weapon.
Your +3 dagger emits a brilliant flash of light!
b - a +3 vorpal dagger The centaur wields a +0 shortbow.
The centaur shoots an arrow.
The arrow hits your crimson imp.
The centaur shoots an arrow.
The arrow hits your crimson imp!
Your crimson imp dies!
The centaur shoots an arrow.
The arrow hits you!
* * * LOW HITPOINT WARNING * * *
The centaur shoots an arrow.
The arrow hits you!
You die...
Your body crumbles into a pile of gold.

............Z.......>#
.............##.##c..#
.......##'########...#
.....................#
.....................#
.....................#
.......##............#
.......##............#
................@....#
......[##....##......#
........##############
........# #########


You could see a centaur.

Vanquished Creatures
  Grinder (D:3)
  A wyvern (D:6)
  A water moccasin (D:6)
  A sky beast (D:5)
  A black bear (D:5)
  A necrophage (D:5)
  5 ogres
  2 centaurs
  A phantom (D:5)
  A bullfrog (D:6)
  2 scorpions
  A wight (D:5)
  A bullfrog zombie (D:5)
  A hound (D:4)
  2 centaur skeletons (D:6)
  An orc priest (D:6)
  3 iguanas
  A scorpion zombie (D:5)
  Natasha (D:2)
  2 orc wizards (D:5)
  8 adders
  A white imp (D:6)
  An ufetubus (D:6)
  2 adder skeletons (D:4)
  2 worms
  4 dart slugs
  13 orcs
  5 endoplasms
  2 giant cockroaches
  12 goblins
  4 hobgoblins
  2 jackals (D:2)
  3 quokkas
  9 ball pythons
  A bat (D:3)
  2 frilled lizards
  6 kobolds
  7 rats
114 creatures vanquished.

Vanquished Creatures (collateral kills)
  An ogre (D:4)
  Jessica (D:2)
  An iguana (D:5)
  Robin (D:3)
  2 adders
  An ufetubus (D:5)
  An adder skeleton (D:4)
  2 orcs (D:4)
  A bat (D:3)
  3 goblins
  2 hobgoblins
  A jackal (D:2)
  5 ball pythons
  A rat (D:2)
23 creatures vanquished.

Grand Total: 137 creatures vanquished

Notes
Turn   | Place    | Note
-------+----------+-------------------------------------------
     0 | D:1      | worthlessgem the Djinni Hedge Wizard began the quest for
                  | the Orb.
     0 | D:1      | Reached XP level 1. HP: 15/15 MP: 0/0
   232 | D:1      | Reached XP level 2. HP: 14/21 MP: 0/0
  1037 | D:2      | Reached XP level 3. HP: 20/25 MP: 0/0
  1037 | D:2      | Learned a level 1 spell: Summon Small Mammal
  1121 | D:2      | Found Zeivvao's Antique Armour Shop.
  1174 | D:2      | Noticed Jessica
  1188 | D:2      | Killed Jessica
  1780 | D:2      | Found a faded altar of an unknown god.
  1812 | D:2      | Noticed Natasha
  1923 | D:2      | Reached XP level 4. HP: 16/31 MP: 0/0
  2188 | D:2      | Killed Natasha
  2571 | D:3      | Reached skill level 1 in Short Blades
  2788 | D:3      | Reached XP level 5. HP: 21/35 MP: 0/0
  2788 | D:3      | Learned a level 2 spell: Passwall
  3088 | D:3      | Noticed Robin
  3094 | D:3      | Killed Robin
  3759 | D:3      | Noticed Grinder
  4167 | D:4      | Reached XP level 6. HP: 28/40 MP: 0/0
  4212 | D:4      | HP: 1/40 [orc (4)]
  5146 | D:4      | Noticed an ogre
  5160 | D:4      | Killed an ogre
  5161 | D:4      | Reached XP level 7. HP: 42/45 MP: 0/0
  5161 | D:4      | Learned a level 3 spell: Ignite Poison
  5231 | D:5      | Entered Level 5 of the Dungeon
  5656 | D:5      | Found a staircase to the Ecumenical Temple.
  5880 | Temple   | Entered the Ecumenical Temple
  5958 | Temple   | Became a worshipper of Gozag Ym Sagoz the Greedy
  6469 | D:3      | Killed Grinder
  6470 | D:3      | Reached skill level 5 in Spellcasting
  6470 | D:3      | Reached XP level 8. HP: 48/50 MP: 0/0
  7560 | D:5      | Reached skill level 5 in Stealth
  7816 | D:5      | Found a hide-covered altar of Uskayaw.
  8309 | D:5      | Found a shadowy altar of Dithmenos.
  8575 | D:5      | Reached skill level 1 in Throwing
  8575 | D:5      | Reached XP level 9. HP: 41/55 MP: 0/0
  8575 | D:5      | Learned a level 4 spell: Petrify
  8704 | D:5      | Reached skill level 5 in Short Blades
  9422 | D:6      | Reached skill level 1 in Fighting
  9883 | D:6      | Shot with an arrow by a centaur

Illustrated notes

Levels and vault maps discovered:
D:1:      psy_arrival_whirlpool, layout_rooms
D:2:      layout_loops_cross, serial_shops, shop,
          shapermc_ecumenical_altar_pompeii, minmay_parallelograms,
          minmay_heptomino_d4, uniq_natasha, uniq_jessica
D:3:      layout_loops_ring, uniq_robin, uniq_grinder
D:4:      layout_loops_corners
D:5:      layout_basic, mainiacjoe_overflow_large_starburst,
          minmay_temple_entry_statues_fountains
D:6:      hangedman_cross_stitches, layout_gridville
Temple:   regret_index_temple_waves

Skill      XL: |  1  2  3  4  5  6  7  8  9 |
---------------+----------------------------+-----
Spellcasting   | 3 4 5 |  5.5
Stealth        | 2 3 4 5 |  5.5
Short Blades   | 1 2 3 4 5 |  5.5
Throwing       | 1 3 |  3.2
Fighting       | 2 |  2.6
Dodging        | |  2.1

Action                   |  1- 3 |  4- 6 |  7- 9 || total
-------------------------+-------+-------+-------++-------
Melee: Dagger            |    21 |    18 |       ||    39
       Short sword       |       |    69 |   100 ||   169
       Great sword       |       |       |     9 ||     9
 Fire: Hunting sling     |       |    14 |    18 ||    32
       Hand crossbow     |       |       |     5 ||     5
Throw: Dart              |       |     1 |    12 ||    13
 Cast: Magic Dart        |    54 |     6 |     5 ||    65
       Call Imp          |     5 |    16 |    19 ||    40
       Summon Small Mamm |     4 |     3 |     6 ||    13
       Slow              |       |     2 |     3 ||     5
       Mephitic Cloud    |       |     8 |    22 ||    30
       Conjure Flame     |       |     2 |    12 ||    14
       Blink             |       |     2 |     5 ||     7
       Ignite Poison     |       |       |     7 ||     7
       Petrify           |       |       |     5 ||     5
       Passwall          |       |       |     3 ||     3
Evoke: Wand              |       |       |     7 ||     7
  Use: Potion            |       |     1 |     1 ||     2
       Scroll            |       |       |    12 ||    12
 Stab: Sleeping          |     1 |     4 |     3 ||     8
       Confused          |       |       |     4 ||     4
       Distracted        |       |       |     1 ||     1
       Petrified         |       |       |     7 ||     7
Armor: Robe              |     2 |    19 |    18 ||    39
Dodge: Dodged            |    25 |   104 |    97 ||   226
       Rpst.: Great sword |       |       |     5 ||     5
